 Dungeon Crawl Stone Soup version 0.27-a0-1187-ge80a49f48c (webtiles) character file.

Game seed: 13536201536793550190

49 DasRunzen the Poker (level 3, 0/30 HPs)
             Began as a Demigod Gladiator on May 20, 2021.
             Slain by a water moccasin (1 damage)
             ... on level 3 of the Dungeon.
             The game lasted 00:02:31 (2241 turns).

DasRunzen the Poker (Demigod Gladiator)             Turns: 2241, Time: 00:02:31

Health: 0/30       AC:  5    Str: 15    XL:     3   Next: 32%
Magic:  5/5        EV: 12    Int: 14    God:
Gold:   112        SH:  0    Dex: 15    Spells: 2/2 levels left

rFire    . . .     SeeInvis .   a - +0 trident
rCold    + . .     Faith    .   (no shield)
rNeg     . . .     Spirit   .   b - +0 leather armour
rPois    +         Reflect  .   c - +0 helmet
rElec    .         Harm     .   (no cloak)
rCorr    .         Rampage  .   (no gloves)
Will     .....                  m - +0 pair of boots
Stlth    +.........             (no amulet)
HPRegen  0.10/turn              j - ring of protection from cold
MPRegen  0.09/turn              e - ring of poison resistance

@: no status effects
A: high mp 1, forlorn
a: no special abilities


You were on level 3 of the Dungeon.
You visited 1 branch of the dungeon, and saw 3 of its levels.

You collected 112 gold pieces.

Inventory:

Hand Weapons
 a - a +0 trident (weapon)
Missiles
 d - 3 throwing nets (quivered)
Armour
 b - a +0 leather armour (worn)
 c - a +0 helmet (worn)
 m - a +0 pair of boots (worn)
Jewellery
 e - a ring of poison resistance (right hand)
 j - a ring of protection from cold (left hand)
Scrolls
 h - a scroll of fear
 i - a scroll of teleportation
 l - a scroll of enchant weapon {unknown}
Potions
 f - a potion of curing
 g - a potion of brilliance {unknown}
 k - a potion of haste {unknown}


   Skills:
 + Level 2.3 Fighting
 + Level 3.1 Polearms
 - Level 1.7 Throwing
 + Level 1.2 Armour
 + Level 3.1 Dodging


You had 2 spell levels left.
You didn't know any spells.
Your spell library was empty.

Dungeon Overview and Level Annotations

Branches:
Dungeon (3/15)


Innate Abilities, Weirdness & Mutations

Your attributes grow dramatically as you level up.
You have an increased reservoir of magic. (+10% MP)
You shall have no god before yourself.


Message History

The water moccasin is heavily wounded.
The water moccasin bites you.
* * * LOW HITPOINT WARNING * * *
The water moccasin bites you but does no damage.
You hit the water moccasin but do no damage.
The water moccasin is heavily wounded.
The water moccasin misses you. x2
You feel better. The water moccasin closely misses you.
You miss the water moccasin.
The water moccasin is heavily wounded.
The water moccasin barely misses you. The water moccasin bites you.
You puncture the water moccasin!
The water moccasin is severely wounded.
The water moccasin barely misses you.
You hit the water moccasin but do no damage.
The water moccasin is severely wounded.
The water moccasin barely misses you. The water moccasin bites you.
You barely miss the water moccasin.
The water moccasin is severely wounded.
The water moccasin barely misses you.
You hit the water moccasin.
The water moccasin is severely wounded.
The water moccasin bites you.
* * * LOW HITPOINT WARNING * * *
The water moccasin closely misses you.
You hit the water moccasin.
The water moccasin is almost dead.
The water moccasin barely misses you. x2
You closely miss the water moccasin.
The water moccasin is almost dead.
The water moccasin closely misses you.
You hit the water moccasin.
The water moccasin is almost dead.
The water moccasin bites you but does no damage.
The water moccasin bites you!
* * * LOW HITPOINT WARNING * * *
You miss the water moccasin.
The water moccasin is almost dead.
The water moccasin closely misses you. The water moccasin bites you.
You die...

#.
#.....#............
....... #............
#..##.###............
#..#..##.............
#..#...............#.
#.....#.........).#
#...####...........
#.#.#S# #..>........
#...@.# ..)........
###.### ..........#
... #.....<..## #...
..........# #...
..........# #...
..........# ####
.....[....#
(.........#
#.......<##


You could see a water moccasin.

Vanquished Creatures
  2 worms (D:2)
  A dart slug (D:2)
  2 orcs (D:3)
  An endoplasm (D:1)
  3 giant cockroaches
  4 goblins
  6 hobgoblins
  2 kobolds (D:1)
  A quokka (D:2)
  4 ball pythons
  4 bats
  5 rats
35 creatures vanquished.

Notes
Turn   | Place    | Note
-------+----------+-------------------------------------------
     0 | D:1      | DasRunzen the Demigod Gladiator began the quest for the
                  | Orb.
     0 | D:1      | Reached XP level 1. HP: 17/17 MP: 3/3
   380 | D:1      | Reached XP level 2. HP: 24/24 MP: 4/4
  1154 | D:2      | Reached skill level 1 in Armour
  1494 | D:2      | Reached XP level 3. HP: 29/29 MP: 5/5
  2211 | D:3      | Noticed a water moccasin
  2240 | D:3      | HP: 1/30 [water moccasin (8)]
  2241 | D:3      | Slain by a water moccasin

Illustrated notes

Levels and vault maps discovered:
D:1:      minmay_arrival_four_houses, layout_basic
D:2:      layout_rooms
D:3:      layout_rooms

Skill      XL: |  1  2 |
---------------+-------+-----
Fighting       | 2 |  2.3
Polearms       | 3 |  3.1
Dodging        | 3 |  3.1
Armour         | 1 |  1.2
Throwing       | |  1.7

Action                   || total
-------------------------++-------
Melee: Trident           ||   108
  Use: Scroll            ||     3
       Potion            ||     1
 Stab: Sleeping          ||     1
Armor: Leather armour    ||    19
Dodge: Dodged            ||    61

Table legend: (Time is in decaauts)
 A = Elapsed time spent in this place.
 B = Non-inter-level travel time spent in this place.
 C = Inter-level travel time spent in this place.
 D = Time resting spent in this place.
 E = Time spent auto-exploring this place.
 F = Levels seen in this place.
 G = Mean time per level.
                   A        B        C        D        E       F      G
               +--------+--------+--------+--------+--------+-----+--------+
         Total |   2256 |   2175 |     81 |      0 |   1926 |   3 |  752.0 |
       Dungeon |   2256 |   2175 |     81 |      0 |   1926 |   3 |  752.0 |
               +--------+--------+--------+--------+--------+-----+--------+

Top non-repeatable levels by time:
     D:1: 1111 daAuts
     D:2: 718 daAuts
     D:3: 426 daAuts
